 Dungeon Crawl Stone Soup version 0.32-a0-928-g1cae6b7ea0 (webtiles) character file.

Game seed: 5393446160318771001

5602 greenreed the Grappler (level 11, -5/78 HPs)
             Began as a Djinni Shapeshifter on Apr 12, 2024.
             Was a Priest of Wu Jian.
             Killed themself with a badly aimed rupture (12 damage)
             ... on level 9 of the Dungeon on Apr 13, 2024.
             The game lasted 00:23:20 (9769 turns).

greenreed the Grappler (Djinni Shapeshifter)        Turns: 9769, Time: 00:23:20

Health: -5/78      AC:  4    Str: 17    XL:     11   Next: 3%
Gold:   515        EV: 14    Int: 19    God:    Wu Jian [***...] SH:  0 Dex: 12

rFire   + +          .
                       - Unarmed
rCold   x . .        (no shield)
rNeg    . . .        n - +2 robe {Will+}
rPois   ∞            (helmet currently unavailable)
rElec   .            (cloak currently unavailable)
rCorr   .            (gloves currently unavailable)
SInv    .            (boots unavailable)
Will    ++...        (no amulet)
Stlth   +            f - +6 ring of intelligence
HPRegen 0.33/turn    (no ring)

%: infuse magic (-6 HP)
@: mighty, beast-form, marked, flying
A: beast (slay +3), flying, sickness immunity, fire resistance 2, cold
vulnerability 1, float, innate caster, HP casting, extra vitality 1
a: Begin Untransformation, Renounce Religion, Wall Jump, Serpent's Lash


You were on level 9 of the Dungeon.
You worshipped Wu Jian.
Wu Jian was most pleased with you.
You were a hulking beast.
You visited 2 branches of the dungeon, and saw 10 of its levels.

You collected 515 gold pieces.

Inventory:

Hand Weapons
 y - the +3 greatsling "Punk" {acid, rCorr}
   (You found it on level 6 of the Dungeon)

   rCorr:     It protects you from acid and corrosion.
Missiles
 C - a curare-tipped dart
Armour
 n - a +2 robe of willpower (worn)
 r - the +1 robe of Distant Worlds {Int+3 Dex+3}
   (You found it on level 4 of the Dungeon)

   Int+3:     It affects your intelligence (+3).
   Dex+3:     It affects your dexterity (+3).
 v - a +0 cloak
Jewellery
 f - a +6 ring of intelligence (left hand)
 s - a ring of ice
Talismans
 c - a beast talisman (active)
 d - a flux talisman
Wands
 e - a wand of warping (8)
 w - a wand of mindburst (11)
 D - a wand of charming (7)
Scrolls
 a - a scroll of fog {unknown}
 h - 2 scrolls of silence
 i - 2 scrolls of enchant armour
 j - 2 scrolls of torment {unknown}
 k - 2 scrolls of teleportation
 o - a scroll of enchant weapon {unknown}
 p - a scroll of poison {unknown}
 q - a scroll of revelation {unknown}
 u - 3 scrolls of immolation
 x - a scroll of amnesia {unknown}
Potions
 b - a potion of lignification
 g - 4 potions of curing
 l - 2 potions of attraction
 m - a potion of cancellation {unknown}
 t - 2 potions of heal wounds {unknown}
 z - 2 potions of might
 A - a potion of mutation {unknown}
 B - a potion of ambrosia {unknown}
 E - a potion of invisibility {unknown}


   Skills:
 + Level 6.5 Fighting
 + Level 7.5 Dodging
 * Level 10.0 Unarmed Combat
 + Level 4.0 Spellcasting
 + Level 4.0 Conjurations
 + Level 4.0 Hexes
   Level 0.0 Charms
 + Level 4.0 Summonings
 + Level 4.0 Necromancy
 + Level 4.0 Translocations
   Level 0.0 Transmutations
 + Level 4.0 Fire Magic
 + Level 4.0 Ice Magic
 + Level 4.0 Air Magic
 + Level 4.0 Earth Magic
 + Level 4.0 Alchemy
 + Level 6.1 Shapeshifting


You knew the following spells:

 Your Spells              Type           Power      Damage    Failure   Level
a - Summon Small Mammal   Summ           76%        N/A       2%          1
b - Ensorcelled Hibernat  Hex/Ice        38%        N/A       4%          2
c - Frozen Ramparts       Ice            38%        1d6       8%          3
d - Inner Flame           Hex/Fire       19%        N/A       8%          3
e - Freezing Cloud        Conj/Ice/Air   9%         6-21      58%         5
Your spell library was empty.

Dungeon Overview and Level Annotations

Branches:
Dungeon (9/15)             Temple (1/1) D:6            Lair (0/5) D:8
    Orc: D:9-12

Altars:
Ashenzari
Cheibriados
Dithmenos
Elyvilon
Fedhas
Gozag
Hepliaklqana
Makhleb
Nemelex Xobeh
Okawaru
Qazlal
Ru
Trog
Uskayaw
Wu Jian
Yredelemnul
Zin
The Shining One

Shops:
D:8 (

Annotations:
D:6 3 runed translucent doors, ezpacito's ghost, novice CoCK
D:8 1 runed translucent door
D:9 Harold
Temple 2 transporters


Innate Abilities, Weirdness & Mutations

You are a hulking beast.
Your limbs bulge with bestial killing power. (Slay +3)
You are flying.
You are immune to sickness and miasma.
You are immune to poison.
Your flesh is very heat resistant. (rF++)
You are vulnerable to cold. (rC-)
You float through the air rather than walking.
You learn spells naturally, not from books.
Your magical power is your life essence.
You have superior vitality. (+4 MHP)


Message History

Confirm with . or Enter, or press ? or * to list all spells.
Aiming: Inner Flame (dangerous; 8% risk of failure)
Press: ? - help, Dir - move target, f/p - Harold
Aim: Harold, wielding a +0 mace, wearing a +0 scale mail and quivering 2 throwing nets (lightly wounded, chance to affect: 40%) Harold is filled with an inner flame.
The wall freezes Harold but does no damage.
Harold misses you.
You remove your ring of ice.
The wall freezes Harold but does no damage.
Harold casts a spell at you. The mark upon you grows brighter.
Unknown command.
You hit Harold.
Flame seeps out of Harold.
Harold is lightly wounded.
Harold is engulfed in blazing flames.
Flame seeps out of Harold.
The wall freezes Harold but does no damage.
Harold hits you with a +0 mace!
You hit Harold.
Flame seeps out of Harold.
Harold is moderately wounded.
Harold is engulfed in blazing flames.
Flame seeps out of Harold.
The wall freezes Harold.
Flame seeps out of Harold.
Harold hits you with a +0 mace!
* * * LOW HITPOINT WARNING * * *
You feel better.
Harold is engulfed in blazing flames.
Flame seeps out of Harold.
The wall freezes Harold!
Flame seeps out of Harold.
Harold hits you with a +0 mace!!
* * * LOW HITPOINT WARNING * * *
It was a potion of might.
You feel very mighty all of a sudden.
Harold is engulfed in blazing flames.
Flame seeps out of Harold.
The wall freezes Harold.
Flame seeps out of Harold.
Harold points at you and mumbles some strange words.
The mark upon you grows brighter.
Aiming: Warp Space
Press: ? - help, Shift-Dir - straight line, f/p - Harold
Aim: Harold, wielding a +0 mace, wearing a +0 scale mail and quivering 2 throwing nets (almost dead, inner flame, chance to blink: 50%) Space twists violently!
The rupture engulfs Harold.
Harold blinks!
The rupture engulfs you!
You blink.
The frozen ramparts melt away as you move.
You die...

#.#......#.##.....
#.#.####.#.##.....
#.# #.#.##.....
#.# #.#.##.....
#.# #.#.##.####
##.# #.#.##.# #
#.§# # #.#:##.####
##§#.# #.#........
#h.@# #.#...|....
##### ##.#........
#..#.##+#>..
#.##.#......
#.##.##...##
#.##.#....#
#.##.#....##
#.##......#.
#.####..#.#.


You could see Harold (inner flame).

Vanquished Creatures
  Grinder (D:3)
  Sigmund (D:3)
  9 yaks
  A wyvern (D:9)
  A warg (D:8)
  A steam dragon (D:8)
  An acid dragon (D:7)
  A water moccasin (D:8)
  2 orc warriors
  2 sky beasts
  2 ice beasts
  2 black bears (D:7)
  A centaur (D:9)
  2 wolves (D:8)
  An ogre (D:7)
  2 phantoms (D:5)
  2 kobold brigands
  A scorpion (D:6)
  2 bullfrogs
  5 wights
  5 killer bees (D:8)
  5 howler monkeys
  4 hounds
  2 jellies (D:5)
  4 orc priests
  2 bombardier beetles
  2 gnoll boudas (D:4)
  A sleepcap (D:4)
  Jessica (D:3)
  5 iguanas
  Natasha (thrice) (D:3)
  6 orc wizards
  12 gnolls
  5 adders
  A white imp (D:7)
  2 ufetubi (D:5)
  2 ribbon worms
  3 dart slugs
  16 orcs
  15 bats
  10 endoplasms
  5 giant cockroaches
  9 goblins
  10 hobgoblins
  5 jackals
  3 quokkas
  6 ball pythons
  2 frilled lizards
  16 kobolds
  6 rats
208 creatures vanquished.

Notes
Turn   | Place    | Note
-------+----------+-------------------------------------------
     0 | D:1      | greenreed the Djinni Shapeshifter began the quest for the
                  | Orb.
     0 | D:1      | Reached XP level 1. HP: 17/17 MP: 0/0
    59 | D:1      | Reached XP level 2. HP: 13/22 MP: 0/0
   289 | D:1      | You are sucked into a shaft and drop 1 floor!
   316 | D:2      | Found a faded altar of an unknown god.
   350 | D:2      | Reached XP level 3. HP: 26/27 MP: 0/0
   350 | D:2      | Learned a level 1 spell: Summon Small Mammal
   905 | D:1      | Reached XP level 4. HP: 8/32 MP: 0/0
  1527 | D:2      | Found an ornate altar of the Wu Jian Council.
  1860 | D:2      | Became a worshipper of the Wu Jian Council
  1896 | D:3      | Noticed Natasha
  1903 | D:3      | Killed Natasha
  1977 | D:3      | Noticed Grinder
  1981 | D:3      | Reached XP level 5. HP: 33/38 MP: 0/0
  1981 | D:3      | Learned a level 2 spell: Ensorcelled Hibernation
  2001 | D:3      | Killed Grinder
  2002 | D:3      | Reached skill level 4 in Unarmed Combat
  2002 | D:3      | Reached skill level 1 in Spellcasting
  2002 | D:3      | Reached skill level 1 in Conjurations
  2002 | D:3      | Reached skill level 1 in Hexes
  2002 | D:3      | Reached skill level 1 in Summonings
  2002 | D:3      | Reached skill level 1 in Necromancy
  2002 | D:3      | Reached skill level 1 in Translocations
  2002 | D:3      | Reached skill level 1 in Fire Magic
  2002 | D:3      | Reached skill level 1 in Ice Magic
  2002 | D:3      | Reached skill level 1 in Air Magic
  2002 | D:3      | Reached skill level 1 in Earth Magic
  2002 | D:3      | Reached skill level 1 in Alchemy
  2002 | D:3      | Reached XP level 6. HP: 45/45 MP: 0/0
  2081 | D:3      | Noticed Natasha
  2083 | D:3      | Killed Natasha
  2148 | D:3      | Noticed Jessica
  2166 | D:3      | Killed Jessica
  2288 | D:3      | Noticed Sigmund
  2300 | D:3      | Killed Sigmund
  2301 | D:3      | Reached skill level 5 in Unarmed Combat
  2301 | D:3      | Reached XP level 7. HP: 38/50 MP: 0/0
  2301 | D:3      | Learned a level 3 spell: Frozen Ramparts
  2556 | D:3      | Found an ornate altar of the Wu Jian Council.
  2587 | D:3      | Noticed Natasha
  2592 | D:3      | Killed Natasha
  2883 | D:4      | Reached * piety under Wu Jian
  2977 | D:4      | Identified the +1 robe of Distant Worlds {Int+3 Dex+3}
  3135 | D:4      | HP: 2/50 [gnoll/+0 club[a gnoll bouda] (4)]
  4046 | D:4      | Reached XP level 8. HP: 54/56 MP: 0/0
  4260 | D:5      | Entered Level 5 of the Dungeon
  4298 | D:5      | Reached skill level 6 in Unarmed Combat
  5573 | D:6      | Reached ** piety under Wu Jian
  5574 | D:6      | Reached skill level 5 in Dodging
  5607 | D:6      | Found a sacrificial altar of Ru.
  5620 | D:6      | Found the +3 greatsling "Punk" {acid, rCorr}
  5685 | D:6      | Found a staircase to the Ecumenical Temple.
  5694 | Temple   | Found a transporter.
  5694 | Temple   | Found a transporter.
  5694 | Temple   | Found a transporter.
  5694 | Temple   | Found a transporter.
  5694 | Temple   | Entered the Ecumenical Temple
  5708 | D:6      | Found a runed translucent gate.
  5709 | D:6      | Found a runed translucent gate.
  5709 | D:6      | Noticed a cyclops
  5709 | D:6      | Noticed ezpacito's ghost (novice CoCK)
  5710 | D:6      | Found a runed translucent gate.
  5742 | D:6      | Reached XP level 9. HP: 58/62 MP: 0/0
  5742 | D:6      | Learned a level 3 spell: Inner Flame
  5850 | D:6      | Reached skill level 7 in Unarmed Combat
  6146 | D:6      | Found a bloodstained altar of Trog.
  6204 | D:6      | Found a sparkling altar of Nemelex Xobeh.
  6268 | D:6      | Found a basalt altar of Yredelemnul.
  6270 | D:6      | Found a hide-covered altar of Uskayaw.
  6350 | D:6      | Found an iron altar of Okawaru.
  6765 | D:7      | Reached skill level 5 in Fighting
  6765 | D:7      | Reached skill level 5 in Shapeshifting
  6831 | D:7      | Reached skill level 8 in Unarmed Combat
  7561 | D:7      | Reached XP level 10. HP: 41/70 MP: 0/0
  7719 | D:8      | Reached *** piety under Wu Jian
  7725 | D:8      | Reached skill level 9 in Unarmed Combat
  7823 | D:8      | Found a staircase to the Lair.
  8660 | D:8      | Found Arotti Ahua's Weapon Emporium.
  8753 | D:8      | Found a runed translucent door.
  8847 | D:8      | Noticed a centaur warrior
  9569 | D:9      | Reached XP level 11. HP: 56/78 MP: 0/0
  9569 | D:9      | Learned a level 5 spell: Freezing Cloud
  9656 | D:9      | Reached skill level 10 in Unarmed Combat
  9757 | D:9      | Noticed Harold
  9769 | D:9      | Killed themself with a badly aimed rupture

Illustrated notes

Levels and vault maps discovered:
D:1:      scummos_arrival_hexagon, layout_loops_ring
D:2:      layout_basic, basic_ecumenical_altar, basic_altar
D:3:      layout_loops_ring, nicolae_wu_jian_glorious_leap, minmay_ruptured,
          uniq_sigmund, uniq_jessica, uniq_natasha, uniq_grinder
D:4:      layout_layer_cave, roderic_batcave, nicolae_eternal_life
D:5:      layout_loops_cross
D:6:      layout_rooms, nicolae_ru_awakened_eye,
          nicolae_overflow_hallway_of_the_gods, temple_pool_b,
          gammafunk_ghost_split
D:7:      layout_loops_ring
D:8:      layout_loops_corners, erik_lair_orcish_takeover, serial_shops,
          nicolae_shop_tiny_glass, wad_hexagon
D:9:      layout_basic, kennysheep_generic_room_15, uniq_grum, uniq_amaemon,
          uniq_harold, uniq_prince_ribbit1
Temple:   hellmonk_temple_divided_pantheon

Skill      XL: |  1  2  3  4  5  6  7  8  9 10 11 |
---------------+----------------------------------+-----
Shapeshifting  | 3 4 5 6 |  6.1
Fighting       | 2 3 4 5 6 |  6.5
Dodging        | 3 4 5 6 7 |  7.5
Unarmed Combat | 4 5 6 8 9 10 | 10.0
Spellcasting   | 1 2 3 4 |  4.0
Conjurations   | 1 2 3 4 |  4.0
Hexes          | 1 2 3 4 |  4.0
Summonings     | 1 2 3 4 |  4.0
Necromancy     | 1 2 3 4 |  4.0
Translocations | 1 2 3 4 |  4.0
Fire Magic     | 1 2 3 4 |  4.0
Ice Magic      | 1 2 3 4 |  4.0
Air Magic      | 1 2 3 4 |  4.0
Earth Magic    | 1 2 3 4 |  4.0
Alchemy        | 1 2 3 4 |  4.0

Action                     |  1- 3 |  4- 6 |  7- 9 | 10-12 || total
---------------------------+-------+-------+-------+-------++-------
  Melee: Unarmed           |   132 |    93 |   419 |    87 ||   731
         Punch             |     4 |     1 |    24 |     9 ||    38
   Fire: Greatsling        |       |       |       |     5 ||     5
   Cast: Summon Small Mamm |     2 |     1 |       |       ||     3
         Frozen Ramparts   |       |       |     7 |    10 ||    17
         Inner Flame       |       |       |       |     6 ||     6
Ability: Lunge             |       |     5 |    32 |     6 ||    43
         Whirlwind         |       |       |    11 |       ||    11
  Evoke: Wand              |       |       |       |     2 ||     2
    Use: Potion            |       |     1 |     1 |     2 ||     4
         Scroll            |       |       |     1 |     5 ||     6
   Stab: Sleeping          |       |     3 |     2 |     1 ||     6
         Distracted        |       |       |     1 |       ||     1
 Armour: Animal skin       |    72 |    37 |       |       ||   109
         Skin              |       |     5 |    13 |       ||    18
         Robe              |       |    13 |   209 |    54 ||   276
  Dodge: Dodged            |    63 |    48 |   225 |    53 ||   389

Table legend: (Time is in decaauts)
 A = Elapsed time spent in this place.
 B = Non-inter-level travel time spent in this place.
 C = Inter-level travel time spent in this place.
 D = Time resting spent in this place.
 E = Time spent auto-exploring this place.
 F = Levels seen in this place.
 G = Mean time per level.
                   A        B        C        D        E       F      G
               +--------+--------+--------+--------+--------+-----+--------+
         Total |   9695 |   9308 |    387 |    985 |   6711 |  10 |  969.5 |
       Dungeon |   9694 |   9307 |    387 |    985 |   6711 |   9 | 1077.1 |
        Temple |      1 |      1 |      0 |      0 |      0 |   1 |    1.0 |
               +--------+--------+--------+--------+--------+-----+--------+

Top non-repeatable levels by time:
     D:4: 1673 daAuts
     D:8: 1444 daAuts
     D:7: 1321 daAuts
     D:3: 1125 daAuts
     D:6: 1055 daAuts
     D:5: 1014 daAuts
     D:1: 885 daAuts
     D:2: 827 daAuts
     D:9: 346 daAuts
  Temple: 1 daAuts
